 Dungeon Crawl Stone Soup version 0.23.2 (webtiles) character file.

Game seed: 4040446284387571252

20 Borgoz the Sneak (level 2, -4/24 (25) HPs)
             Began as a Ghoul Assassin on Apr 5, 2019.
             Slain by a kobold
             ... wielding a +0 short sword
              (6 damage)
             ... on level 1 of the Dungeon.
             The game lasted 00:01:01 (278 turns).

Borgoz the Sneak (Ghoul Assassin)                    Turns: 278, Time: 00:01:01

HP:   -4/24 (25)    AC:  3    Str: 14    XL:     2   Next: 79%
MP:   1/1           EV: 12    Int:  6    God:
Gold: 18            SH:  0    Dex: 10    Spells: 1/1 levels left

rFire    . . .     SeeInvis .   a - +2 dagger
rCold    + . .     Gourm    .   (no shield)
rNeg     + + +     Faith    .   c - +0 robe
rPois    ∞         Spirit   .   (no helmet)
rElec    .         Reflect  .   d - +0 cloak
rCorr    .         Harm     .   (no gloves)
MR       .....                  (no boots)
Stlth    ++........             (no amulet)
HPRegen  0.00/turn              (no ring)
MPRegen  0.07/turn              (no ring)

@: rotting
A: rotting body, claws 1, carnivore, cold resistance 1, negative energy
resistance 3, inhibited regeneration, torment resistance, unbreathing
a: no special abilities


You were on level 1 of the Dungeon.
You were not hungry.

You visited 1 branch of the dungeon, and saw 1 of its levels.

You collected 18 gold pieces.

Inventory:

Hand Weapons
 a - a +2 dagger (weapon)
 b - a +0 blowgun
Missiles
 e - 13 poisoned needles
 f - 2 curare-tipped needles
Armour
 c - a +0 robe (worn)
 d - a +0 cloak (worn)
Potions
 h - a potion of cancellation
Comestibles
 g - 3 rations


   Skills:
 + Level 2.3 Fighting
 * Level 2.1 Short Blades
 + Level 2.0 Throwing
 * Level 0.6 Armour
 * Level 1.2 Dodging
 + Level 4.5 Stealth


You had one spell level left.
You didn't know any spells.
Your spell library was empty.

Dungeon Overview and Level Annotations

Branches:
Dungeon (1/15)

Altars:


Innate Abilities, Weirdness & Mutations

Your body is rotting away.
You thrive on raw meat.
You are immune to poison.
You have sharp fingernails.
You are carnivorous and can eat meat at any time.
Your flesh is cold resistant. (rC+)
You are immune to negative energy. (rN+++)
You do not regenerate when monsters are visible.
You are immune to unholy pain and torment.
You can survive without breathing.


Message History

The kobold hits you with a +0 short sword.
The jackal barely misses you. The jackal bites you.
You miss the kobold.
The kobold is severely wounded.
The jackal closely misses you. The kobold barely misses you.
The jackal bites you.
* * * LOW HITPOINT WARNING * * *
The jackal completely misses you.
You closely miss the kobold.
The kobold is severely wounded.
The jackal bites you.
* * * LOW HITPOINT WARNING * * *
The kobold hits you with a +0 short sword.
* * * LOW HITPOINT WARNING * * *
The jackal barely misses you.
It was a potion of cancellation.
You feel magically purged.
The jackal bites you but does no damage.
The jackal barely misses you.
The kobold hits you with a +0 short sword.
You die...

.####...####............#.#.##†#
...##.#.##......[.......#.#.##.#
...#.###.######.........#.#.##.#
#...#####.# #........>#......#
#.#......# #.............####
#.......#############.....##
##........................###
###..............h...........#
................@h.......†.#.#
...#..........#..K.........#.#
...#.##.###..###...........#.#
...#.#.. #... )...'.......#.#
.).#.... #.#...!#.........#.##
...#.... #.##..###...........#
......... ..# ... ......(....#
...#....######....
#####......### ...# .... .###
#.........


You could see 2 jackals and a kobold.

Vanquished Creatures
  A dart slug (D:1)
  3 leopard geckos (D:1)
  A goblin (D:1)
  A jackal (D:1)
  3 kobolds (D:1)
  A bat (D:1)
  2 frilled lizards (D:1)
  4 rats (D:1)
16 creatures vanquished.

Notes
Turn   | Place    | Note
-------+----------+-------------------------------------------
     0 | D:1      | Borgoz the Ghoul Assassin began the quest for the Orb.
     0 | D:1      | Reached XP level 1. HP: 17/17 MP: 0/0
    20 | D:1      | Reached skill level 1 in Dodging
    91 | D:1      | Reached XP level 2. HP: 22/24 MP: 1/1
   278 | D:1      | Slain by a kobold

Skill      XL: |  1  2 |
---------------+-------+-----
Dodging        | 1 |  1.2
Short Blades   | 2 |  2.1
Throwing       | 2 |  2.0
Fighting       | |  2.3
Armour         | |  0.6
Stealth        | |  4.5

Action                   || total
-------------------------++-------
Melee: Dagger            ||    62
  Use: Potion            ||     1
 Stab: Sleeping          ||     2
  Eat: Chunk             ||     3
Armor: Robe              ||    19
Dodge: Dodged            ||    46
